 Dungeon Crawl Stone Soup version 0.21-a0-434-g806c6c2 (webtiles) character file.

95 tof the Slasher (level 4, -1/36 HPs)
             Began as a Draconian Monk on Nov 8, 2017.
             Was a Believer of Hepliaklqana.
             Slain by Grinder (7 damage)
             ... while paralysed by Grinder
             ... on level 4 of the Dungeon.
             The game lasted 00:03:25 (3192 turns).

tof the Slasher (Draconian Monk)                    Turns: 3192, Time: 00:03:26

Health: -1/36      AC:  5    Str: 13    XL:     4   Next: 39%
Magic:  4/4        EV:  2    Int: 11    God:    Hepliaklqana [**....]
Gold:   95         SH:  0    Dex: 14    Spells: 3/3 levels left

rFire    . . .     SeeInvis .   a - +0 falchion
rCold    . . .     Gourm    .   (no shield)
rNeg     . . .     Faith    .   (armour unavailable)
rPois    .         Spirit   .   (helmet restricted)
rElec    .         Reflect  .   (no cloak)
rCorr    .         Harm     .   (no gloves)
MR       .....                  (no boots)
Stlth    ++........             (no amulet)
HPRegen  0.12/turn              (no ring)
MPRegen  0.09/turn              (no ring)

@: paralysed
A: unfitting armour, reduced essence, cold-blooded, AC +5
a: Recall Ancestor, Ancestor Identity, Renounce Religion


You were on level 4 of the Dungeon.
You worshipped Hepliaklqana.
Hepliaklqana was pleased with you.
You were not hungry.

You visited 1 branch of the dungeon, and saw 4 of its levels.

You collected 95 gold pieces.

Inventory:

Hand Weapons
 a - a +0 falchion (weapon)
Missiles
 l - 34 poisoned needles
Jewellery
 d - an uncursed ring of protection from magic {unknown}
Scrolls
 e - a scroll of magic mapping {unknown}
 f - 3 scrolls of remove curse {unknown}
 g - a scroll of fear {unknown}
 r - a scroll of fog {unknown}
 t - a scroll of identify {unknown}
Potions
 c - a potion of curing {unknown}
 j - a potion of lignification {unknown}
 k - a potion of flight {unknown}
 m - a potion of resistance {unknown}
 n - a potion of heal wounds {unknown}
 o - a potion of mutation {unknown}
 p - a potion of degeneration {unknown}
Comestibles
 b - a bread ration
 h - a royal jelly
 i - a meat ration
 q - 4 fruits


   Skills:
 + Level 4.0 Fighting
 * Level 4.3 Long Blades
 + Level 3.3 Dodging
 - Level 1.7 Stealth


You had 3 spell levels left.
You didn't know any spells.

Dungeon Overview and Level Annotations

Branches:
Dungeon (4/15)
 Temple: D:4-7

Altars:
Hepliaklqana

Annotations:
D:4 Grinder


Innate Abilities, Weirdness & Mutations

Your plain brown scales are hard. (AC +5)
You cannot fit into any form of body armour.
You are cold-blooded and may be slowed by cold attacks.
Your life essence is reduced to manifest your ancestor. (-10% HP)


Message History

You start resting.
You are feeling very hungry.
You start resting.
HP restored.
You eat one of the 2 bread rations.
That bread ration really hit the spot!
You climb downwards.
Level annotation: Grinder
There is a stone staircase leading up here.
You swap places.
Grinder gestures at you. Pain shoots through your body! Grinder hits you.
You writhe in agony.
You barely miss Grinder. Grinder gestures at you.
You suddenly lose the ability to move!
Wilburh closely misses Grinder.
Grinder hits you!
You writhe in agony.
* * * LOW HITPOINT WARNING * * *
Wilburh hits Grinder but does no damage.
Grinder hits you!
You die...

.#
##...##..##.####.#...
##.##.####......#.###
### #.....#
#..###......
....###...####........#
#..........#.##.#.#####
#.....<................
#........##.###.#.##.##
##.......##....5..#
#.....R@##..5..###
#......5##.#####
###.#......# #.#.......
#.#....... #.......
#........ #........#


You could see the friendly Wilburh the hexer and Grinder.

Vanquished Creatures
  4 adders
  A worm (D:3)
  2 dart slugs
  A leopard gecko (D:2)
  An orc (D:4)
  A giant cockroach (D:3)
  4 goblins (D:1)
  9 hobgoblins
  8 jackals
  6 bats
  6 frilled lizards
  4 kobolds (D:1)
  A rat (D:1)
48 creatures vanquished.

Notes
Turn   | Place    | Note
-------+----------+-------------------------------------------
     0 | D:1      | tof the Draconian Monk began the quest for the Orb.
     0 | D:1      | Reached XP level 1. HP: 19/19 MP: 1/1
   301 | D:1      | Reached XP level 2. HP: 24/26 MP: 2/2
  1160 | D:2      | Reached XP level 3. HP: 26/31 MP: 3/3
  1731 | D:2      | Reached XP level 4. HP: 24/40 MP: 4/4
  2729 | D:4      | Found a hazy altar of Hepliaklqana.
  2751 | D:4      | Became a worshipper of Hepliaklqana the Forgotten
  2751 | D:4      | Reached * piety under Hepliaklqana
  2751 | D:4      | Reached ** piety under Hepliaklqana
  2752 | D:4      | Remembered your ancestor Wilburh as a hexer
  2917 | D:4      | Noticed Grinder
  2918 | D:4      | Paralysed by Grinder for 2 turns
  3190 | D:4      | Paralysed by Grinder for 3 turns
  3192 | D:4      | Slain by Grinder

Vault maps used:
D:1:      nzn_arrival_depleted_hourglass
D:2:      dk_noncrumbling_4, grunt_decor_clamped
D:4:      nicolae_overflow_hidden_temple, lemuel_round_altar, uniq_grinder

Skill      XL: |  1  2  3  4 |
---------------+-------------+-----
Dodging        | 3 |  3.3
Long Blades    | 4 |  4.3
Fighting       | 4 |  4.0
Stealth        | |  1.7

Action                   |  1- 3 |  4- 6 || total
-------------------------+-------+-------++-------
Melee: Falchion          |   105 |    30 ||   135
       Tailslap          |    15 |     4 ||    19
Invok: Ancestor Life: He |       |     1 ||     1
 Stab: Sleeping          |     6 |       ||     6
  Eat: Chunk             |     2 |     4 ||     6
       Bread ration      |       |     1 ||     1
Armor: Skin              |    40 |     8 ||    48
Dodge: Dodged            |    69 |    20 ||    89
       Rpst.: Falchion   |    21 |     8 ||    29

Table legend:
 A = Spawn XP
 B = Non-spawn XP
 C = Spawn XP percentage of total XP
 D = Spawn monster count
 E = Non-spawn monster count
 F = Spawn count percentage of total count
 G = Total turns spent on level
                    A         B        C        D         E        F      G
               +---------+---------+-------+---------+---------+-------+---------
         Total |       0 |     136 |   0.0 |       0 |      48 |   0.0 |  3192
               +---------+---------+-------+---------+---------+-------+---------
           D:1 |       0 |      39 |   0.0 |       0 |      23 |   0.0 |  1146
           D:2 |       0 |      58 |   0.0 |       0 |      13 |   0.0 |   841
           D:3 |       0 |      30 |   0.0 |       0 |       8 |   0.0 |   987
           D:4 |       0 |       9 |   0.0 |       0 |       4 |   0.0 |   218
               +---------+---------+-------+---------+---------+-------+---------
